 Dungeon Crawl Stone Soup version 0.25-a0-346-g140ab784a8 (webtiles) character file.

Game seed: 16050746277601029181, levelgen mode: deterministic

2096 night the Geomancer (level 9, 0/57 HPs)
             Began as a Gargoyle Earth Elementalist on Dec 31, 2019.
             Slain by Joseph
             ... wielding a +3 quarterstaff of draining
              (11 damage)
             ... on level 7 of the Dungeon.
             The game lasted 00:19:25 (6115 turns).

night the Geomancer (Gargoyle Earth Elementalist)   Turns: 6115, Time: 00:19:26

Health: 0/57       AC: 10    Str: 12    XL:     9   Next: 27%
Magic:  12/18      EV: 12    Int: 22    God:
Gold:   328        SH:  0    Dex: 10    Spells: 2/21 levels left

rFire    . . .     SeeInvis .   z - +2 dagger (venom)
rCold    . . .     Gourm    .   (no shield)
rNeg     + + .     Faith    .   c - +0 robe
rPois    ∞         Spirit   .   (no helmet)
rElec    +         Reflect  .   y - +0 cloak
rCorr    .         Harm     .   (no gloves)
MR       .....                  a - +0 pair of boots
Stlth    ++........             s - amulet of regeneration
HPRegen  0.59/turn              q - ring of positive energy
MPRegen  0.16/turn              B - +3 ring of intelligence

@: no status effects
A: negative energy resistance 1, electricity resistance, unbreathing,
petrification resistance, rot immunity, AC +6
a: no special abilities


You were on level 7 of the Dungeon.
You were not hungry.

You visited 1 branch of the dungeon, and saw 7 of its levels.

You collected 328 gold pieces.

Inventory:

Hand Weapons
 h - a +0 dagger
 n - a +2 great sword of holy wrath
 z - a +2 dagger of venom (weapon)
 O - a +2 flail of holy wrath
Missiles
 b - 132 stones (quivered)
 e - 105 arrows
 i - 3 curare-tipped darts
 x - 16 poisoned darts
 H - 2 boomerangs
Armour
 a - a +0 pair of boots (worn)
 c - a +0 robe (worn)
 y - a +0 cloak (worn)
 A - a +0 buckler
Jewellery
 q - a ring of positive energy (left hand)
 s - an amulet of regeneration (around neck)
 t - an uncursed ring of protection from fire
 B - a +3 ring of intelligence (right hand)
 J - an uncursed ring of protection from cold
 M - an uncursed ring of positive energy
Wands
 w - a wand of random effects (41)
 E - a wand of clouds (7)
Scrolls
 f - a scroll of remove curse
 m - 2 scrolls of teleportation
 o - a scroll of enchant weapon
 u - 9 scrolls of identify
 D - a scroll of blinking {unknown}
 F - 5 scrolls of enchant armour {unknown}
 K - a scroll of fear
 L - a scroll of magic mapping
Potions
 g - a potion of agility {unknown}
 j - a potion of might {unknown}
 k - 3 potions of degeneration
 l - a potion of haste {unknown}
 p - a potion of flight {unknown}
 r - 2 potions of cancellation {unknown}
 v - 3 potions of heal wounds {unknown}
 C - 2 potions of curing
 G - 3 potions of brilliance {unknown}
 I - a potion of magic {unknown}
 N - a potion of ambrosia {unknown}
Comestibles
 d - 11 rations
 P - 3 chunks of flesh


   Skills:
 + Level 7.3 Fighting
 - Level 1.5 Dodging
 - Level 2.1 Stealth
 + Level 6.5 Spellcasting
 + Level 2.0 Conjurations
 - Level 0.7 Transmutations
 + Level 8.9 Earth Magic


You had 2 spell levels left.
You knew the following spells:

 Your Spells              Type           Power        Failure   Level  Hunger
a - Sandblast             Erth           #####.       1%          1    None
b - Stone Arrow           Conj/Erth      ####..       2%          3    #......
c - Petrify               Tmut/Erth      ####....     12%         4    ###....
d - Lee's Rapid Deconstr  Erth           #####.....   6%          5    #####..
e - Passwall              Tmut/Erth      ####....     1%          2    None
f - Iskenderun's Mystic   Conj/Tloc      ##......     50%         4    ###....

Your spell library contained the following spells:

 Spells                   Type           Power        Failure   Level  Hunger
 Magic Dart               Conj           ###.         3%          1    None
 Beastly Appendage        Tmut           ##....       6%          1    None
 Searing Ray              Conj           ###...       6%          2    None
 Sticks to Snakes         Tmut           ##......     10%         2    None
 Dazzling Flash           Conj/Hex       ##....       17%         3    #......
 Spider Form              Tmut/Pois      #.........   22%         3    #......
 Fulminant Prism          Conj/Hex       ##........   50%         4    ###....
 Ice Form                 Ice/Tmut       #.......     58%         4    ###....
 Blade Hands              Tmut           ##........   87%         5    #####..


Dungeon Overview and Level Annotations

Branches:
Dungeon (7/15)
 Temple: D:4-7

Altars:
Cheibriados
Uskayaw
Wu Jian

Annotations:
D:7 Joseph


Innate Abilities, Weirdness & Mutations

You are resistant to torment.
Your stone body is resilient. (AC +6)
You are immune to poison.
You resist negative energy. (rN+)
You are resistant to electric shocks. (rElec)
You can survive without breathing.
You are immune to petrification.
You are immune to rotting.


Message History

* * * LOW HITPOINT WARNING * * *
The bullfrog skeleton hits you but does no damage.
As you read the scroll of fear, it crumbles to dust.
You assume a fearsome visage.
Joseph easily resists.
The ogre looks frightened!
The bullfrog skeleton is unaffected.
The hornet zombie is unaffected.
Joseph barely misses you.
The bullfrog skeleton completely misses you.
The helpless ogre fails to defend itself.
You puncture the ogre!
The ogre looks as sick as possible!
Your attack snaps the ogre out of its fear.
The ogre is almost dead.
Joseph hits you with a +3 quarterstaff of draining.
* * * LOW HITPOINT WARNING * * *
The bullfrog skeleton barely misses you.
Joseph hits you with a +3 quarterstaff of draining!
* * * LOW HITPOINT WARNING * * *
You feel better. The bullfrog skeleton hits you.
* * * LOW HITPOINT WARNING * * *
Joseph hits you with a +3 quarterstaff of draining!
You die...

#...#######.# #
#...# #.# #
########...# #.#
#
.........#+#####
#.# #
#####..........#
#. #
#.............#
.
#.............#
#
#..........>..#
#..@@.#####.###
#..OZZ# ...
#....... ...
#......... ..
#..####..... #..
##... ### ##.


You could see Joseph (berserk), an ogre (petrified), a hornet zombie and a
bullfrog skeleton.

Vanquished Creatures
  Sigmund (D:2)
  Edmund (D:6)
  An orc warrior (D:7)
  2 sky beasts (D:6)
  2 ogres
  A phantom (D:6)
  A necrophage (D:5)
  A centaur (D:5)
  4 bullfrogs
  A crimson imp (D:6)
  Crazy Yiuf (D:3)
  4 hounds
  7 orc wizards
  An orc priest (D:5)
  2 jellies (D:6)
  An iguana (D:5)
  4 worker ants
  A hound zombie (D:6)
  2 hound skeletons (D:6)
  14 adders
  A shadow imp (D:5)
  3 oozes
  3 worms
  9 orcs
  4 ball pythons
  8 bats
  A giant cockroach (D:3)
  4 goblins
  14 hobgoblins
  4 jackals
  13 frilled lizards
  A jackal skeleton (D:6)
  12 kobolds
  A leopard gecko zombie (D:4)
  6 rats
  2 fungi (D:3)
138 creatures vanquished.

Notes
Turn   | Place    | Note
-------+----------+-------------------------------------------
     0 | D:1      | night the Gargoyle Earth Elementalist began the quest for
                  | the Orb.
     0 | D:1      | Reached XP level 1. HP: 10/10 MP: 3/3
   295 | D:1      | Reached XP level 2. HP: 16/16 MP: 5/5
   296 | D:1      | Reached skill level 1 in Fighting
   420 | D:1      | Reached skill level 4 in Earth Magic
   766 | D:1      | Reached XP level 3. HP: 20/20 MP: 4/6
   775 | D:1      | Learned a level 3 spell: Stone Arrow
  1431 | D:2      | Found a faded altar of an unknown god.
  1549 | D:2      | Found a snail-covered altar of Cheibriados.
  1551 | D:2      | Noticed Sigmund
  1638 | D:2      | Killed Sigmund
  1638 | D:2      | Reached skill level 5 in Earth Magic
  1638 | D:2      | Reached XP level 4. HP: 27/28 MP: 5/9
  1638 | D:2      | Reached XP level 5. HP: 31/32 MP: 5/10
  1716 | D:2      | Reached XP level 6. HP: 36/37 MP: 11/11
  1961 | D:2      | Learned a level 4 spell: Petrify
  2547 | D:3      | Found a runed translucent door.
  2548 | D:3      | Noticed Crazy Yiuf
  2646 | D:3      | Killed Crazy Yiuf
  3011 | D:3      | Learned a level 5 spell: Lee's Rapid Deconstruction
  3085 | D:3      | Reached skill level 6 in Earth Magic
  3222 | D:4      | Reached XP level 7. HP: 43/43 MP: 6/13
  3456 | D:4      | Found an ornate altar of the Wu Jian Council.
  3907 | D:4      | Reached skill level 5 in Fighting
  4256 | D:5      | Entered Level 5 of the Dungeon
  4326 | D:5      | Reached skill level 7 in Earth Magic
  4326 | D:5      | Reached XP level 8. HP: 44/49 MP: 15/15
  4331 | D:5      | Reached skill level 5 in Spellcasting
  4504 | D:5      | Found a hide-covered altar of Uskayaw.
  4682 | D:5      | Learned a level 2 spell: Passwall
  5315 | D:6      | Reached skill level 8 in Earth Magic
  5641 | D:6      | Reached XP level 9. HP: 56/56 MP: 18/18
  5651 | D:6      | Learned a level 4 spell: Iskenderun's Mystic Blast
  5786 | D:6      | Noticed Edmund
  5798 | D:6      | Killed Edmund
  5798 | D:6      | Reached skill level 1 in Conjurations
  6106 | D:7      | Noticed Joseph
  6115 | D:7      | Slain by Joseph

Levels and vault maps discovered:
D:1:      grunt_arrival_lava_bath, layout_loops_cross, nrook_uturn
D:2:      layout_basic, lemuel_crystal_altar, chequers_ecumenical_altar_island,
          uniq_sigmund
D:3:      layout_loops_ring, minivault_27, uniq_crazy_yiuf_cottage
D:4:      layout_loops_cross, lemuel_doored_altar
D:5:      layout_basic, eat_drink_and_be_merry_uskayaw, first_ration,
          st_stairs_5, hex_medium
D:6:      layout_rooms, uniq_edmund
D:7:      layout_basic, kennysheep_ying_yang, lightli_temple_of_fire,
          minmay_temple_entry_butterflies, minmay_misc_feat_x, uniq_joseph,
          uniq_pikel, uniq_harold

Skill      XL: |  1  2  3  4  5  6  7  8  9 |
---------------+----------------------------+-----
Fighting       | 1 3 4 5 6 7 |  7.3
Earth Magic    | 4 5 6 7 8 |  8.9
Spellcasting   | 3 4 6 |  6.5
Conjurations   | 2 |  2.0
Dodging        | |  1.5
Stealth        | |  2.1
Transmutations | |  0.7

Action                   |  1- 3 |  4- 6 |  7- 9 || total
-------------------------+-------+-------+-------++-------
Melee: Unarmed           |    15 |       |       ||    15
       Dagger            |    46 |       |    84 ||   130
       Great sword       |    15 |   122 |   126 ||   263
       Flail             |       |       |     9 ||     9
Throw: Stone             |     2 |       |     9 ||    11
 Cast: Sandblast         |    23 |     3 |     1 ||    27
       Stone Arrow       |     4 |     9 |    12 ||    25
       Petrify           |       |     1 |    12 ||    13
       Lee's Rapid Decon |       |     1 |     2 ||     3
       Passwall          |       |       |     5 ||     5
  Use: Scroll            |       |     6 |     3 ||     9
       Potion            |       |       |     1 ||     1
 Stab: Sleeping          |     3 |     7 |     1 ||    11
       Petrified         |       |     7 |    34 ||    41
  Eat: Chunk             |     4 |     7 |     9 ||    20
       Ration            |       |       |     1 ||     1
Armor: Robe              |    18 |    49 |   111 ||   178
Dodge: Dodged            |    64 |   120 |   145 ||   329
       Rpst.: Great sword |     6 |    39 |    37 ||    82

Table legend:
 A = Non-vault XP
 B = Vault XP
 C = Vault XP percentage of total XP
 D = Non-vault monster count
 E = Vault monster count
 F = Vault count percentage of total count
                 A         B        C        D         E       F
            +---------+---------+-------+---------+---------+-------
      Total |    2458 |     537 |  17.9 |     132 |       4 |   2.9
            +---------+---------+-------+---------+---------+-------
        D:1 |      44 |       0 |   0.0 |      24 |       0 |   0.0
        D:2 |     118 |     220 |  65.1 |      22 |       1 |   4.3
        D:3 |     181 |      44 |  19.6 |      33 |       1 |   2.9
        D:4 |     488 |       0 |   0.0 |      22 |       0 |   0.0
        D:5 |     330 |     116 |  26.0 |      10 |       1 |   9.1
        D:6 |     994 |     157 |  13.6 |      16 |       1 |   5.9
        D:7 |     303 |       0 |   0.0 |       5 |       0 |   0.0
            +---------+---------+-------+---------+---------+-------
